 Dungeon Crawl Stone Soup version 0.21-a0-417-g0adc95b (webtiles) character file.

23 drevant the Skirmisher (level 2, -3/24 HPs)
             Began as a Demonspawn Abyssal Knight on Nov 3, 2017.
             Was a Follower of Lugonu.
             Slain by Terence
             ... wielding a +0 trident
              (7 damage)
             ... on level 2 of the Dungeon.
             The game lasted 00:01:55 (1030 turns).

drevant the Skirmisher (Demonspawn Abyssal Knight)  Turns: 1030, Time: 00:01:56

Health: -3/24      AC:  3    Str: 12    XL:     2   Next: 72%
Magic:  3/3        EV: 11    Int: 13    God:    Lugonu [*.....]
Gold:   23         SH:  0    Dex: 12    Spells: 1/1 levels left

rFire    + . .     SeeInvis .   a - +1 spear
rCold    + . .     Gourm    .   (no shield)
rNeg     . . .     Faith    .   b - +0 leather armour
rPois    +         Spirit   .   (no helmet)
rElec    +         Reflect  .   (no cloak)
rCorr    +         Harm     .   (no gloves)
MR       .....                  (no boots)
Stlth    +.........             (no amulet)
HPRegen  0.08/turn              (no ring)
MPRegen  0.08/turn              (no ring)

@: resistant
A: powered by death 1
a: Depart the Abyss, Renounce Religion


You were on level 2 of the Dungeon.
You worshipped Lugonu.
Lugonu was aware of your devotion.
You were not hungry.

You visited 1 branch of the dungeon, and saw 2 of its levels.
You visited the Abyss 1 time.

You collected 23 gold pieces.

Inventory:

Hand Weapons
 a - a +1 spear (weapon)
Armour
 b - a +0 leather armour (worn)
 i - a +0 pair of boots
Scrolls
 g - a scroll of enchant weapon {unknown}
 h - a scroll of remove curse {unknown}
 j - a scroll of fear {unknown}
Comestibles
 c - a bread ration
 d - 3 chunks of flesh


   Skills:
 + Level 3.2 Fighting
 * Level 2.4 Polearms
 + Level 2.1 Armour
 - Level 1.0 Dodging
 - Level 2.5 Invocations


You had one spell level left.
You didn't know any spells.

Dungeon Overview and Level Annotations

Branches:
Dungeon (2/15)

Altars:

Annotations:
D:2 Natasha, Terence


Innate Abilities, Weirdness & Mutations

You regenerate a little health from kills.


Message History

Terence is heavily wounded.
Terence hits you with a trident!
* * * LOW HITPOINT WARNING * * *
You feel better. Terence barely misses you.
You hit Terence.
Terence is heavily wounded.
Terence closely misses you.
You closely miss Terence.
Terence is heavily wounded.
Terence hits you with a trident!
* * * LOW HITPOINT WARNING * * *
You closely miss Terence.
Terence is heavily wounded.
Terence barely misses you.
You hit Terence but do no damage.
Terence is heavily wounded.
You hit Terence but do no damage.
Terence is heavily wounded.
Terence hits you with a trident!
You die...

.. ####.. . #.....
.# #.....# .#
#......## .#
#.......##.#
#b...# #@#### #@#
#.# ### #.# ....
#####.# .....
#.....##
......#......####
.$.
.......<.........+
..h
......##.....#####
... .............+


You could see Terence and a bat.

Vanquished Creatures
  A dart slug (D:1)
  2 bats (D:1)
  2 giant cockroaches (D:1)
  4 hobgoblins (D:1)
  A jackal (D:1)
  3 kobolds (D:1)
  A frilled lizard (D:1)
  2 goblins (D:1)
  4 rats (D:1)
20 creatures vanquished.

Notes
Turn   | Place    | Note
-------+----------+-------------------------------------------
     0 | Abyss:1  | drevant the Demonspawn Abyssal Knight began the quest for the Orb.
     0 | Abyss:1  | Reached XP level 1. HP: 18/18 MP: 2/2
    31 | Abyss:1  | Noticed a wretched star
    38 | D:1      | Escaped the Abyss
    83 | D:1      | Reached skill level 1 in Dodging
   166 | D:1      | Gained mutation: You regenerate a little health from kills. [demonic ancestry]
   166 | D:1      | Reached XP level 2. HP: 23/24 MP: 3/3
   188 | D:1      | Reached * piety under Lugonu
   825 | D:2      | Noticed Natasha
  1001 | D:2      | Noticed Terence
  1030 | D:2      | Slain by Terence

Vault maps used:
D:1:      dpeg_arrival_boxes_within_box
D:2:      lemuel_round_altar, serial_forest, infiniplex_forest_straight_4,
          infiniplex_forest_clump_diagonal, infiniplex_forest_3_way,
          infiniplex_forest_clump_large, infiniplex_forest_clump_tiny,
          infiniplex_forest_3_way, infiniplex_forest_end_3, uniq_natasha,
          uniq_terence

Skill      XL: |  1 |
---------------+----+-----
Dodging        | 1 |  1.0
Polearms       | 2 |  2.4
Armour         | 2 |  2.1
Fighting       | |  3.2
Invocations    | |  2.5

Action                   || total
-------------------------++-------
Melee: Spear             ||    76
Invok: Depart the Abyss  ||     1
  Use: Potion            ||     3
 Stab: Sleeping          ||     1
Armor: Leather armour    ||    16
Dodge: Dodged            ||    34

Table legend:
 A = Spawn XP
 B = Non-spawn XP
 C = Spawn XP percentage of total XP
 D = Spawn monster count
 E = Non-spawn monster count
 F = Spawn count percentage of total count
 G = Total turns spent on level
                    A         B        C        D         E        F      G
               +---------+---------+-------+---------+---------+-------+---------
         Total |       0 |      33 |   0.0 |       0 |      20 |   0.0 |  1030
               +---------+---------+-------+---------+---------+-------+---------
           D:1 |       0 |      33 |   0.0 |       0 |      20 |   0.0 |   933
               +---------+---------+-------+---------+---------+-------+---------
